 Dungeon Crawl Stone Soup version 0.30-a0-1160-g6e42c06551 (webtiles) character file.

Game seed: 14419238367456335048

1712 dialectric the Basher (level 9, -8/52 HPs)
             Began as a Gargoyle Wanderer on Apr 25, 2023.
             Mangled by a wight
             ... wielding a +5 mace
              (13 damage)
             ... on level 8 of the Dungeon.
             The game lasted 00:07:55 (4124 turns).

dialectric the Basher (Gargoyle Wanderer)           Turns: 4124, Time: 00:07:56

Health: -8/52      AC: 21    Str: 25    XL:     9   Next: 4%
Magic:  10/10      EV: 10    Int: 11    God:
Gold:   282        SH:  0    Dex: 17    Spells: 7/10 levels left

rFire   . . .        j - +3 mace of the Final Stories {drain, Drain rN++ Str+8 Dex+3}
rCold   . . .        (no shield)
rNeg    + + +        c - +0 scale mail
rPois   ∞            A - +0 helmet
rElec   +            (no cloak)
rCorr   .            x - +0 pair of gloves
SInv    .            f - +0 pair of boots
Will    .....        (no amulet)
Stlth   ++           r - +4 ring of protection
HPRegen 0.28/turn    (no ring)
MPRegen 0.12/turn

%: no passive effects
@: no status effects
A: sickness immunity, AC +6, negative energy resistance 1, electricity
resistance, torment resistance 1, petrification resistance
a: no special abilities


You were on level 8 of the Dungeon.
You visited 1 branch of the dungeon, and saw 8 of its levels.

You collected 282 gold pieces.

Inventory:

Hand Weapons
 a - a +2 dagger
 j - the +3 mace of the Final Stories (weapon) {drain, Drain rN++ Str+8 Dex+3}
   (You found it on level 2 of the Dungeon)

   Str:       It affects your strength (+8).
   Dex:       It affects your dexterity (+3).
   rN:        It greatly protects you from negative energy.
   Drain:     It drains your maximum health when unequipped.
 B - a +0 morningstar
 C - a +2 whip of freezing
Missiles
 E - 6 curare-tipped darts
Armour
 c - a +0 scale mail (worn)
 f - a +0 pair of boots (worn)
 x - a +0 pair of gloves (worn)
 A - a +0 helmet (worn)
Jewellery
 r - a +4 ring of protection (left hand)
 y - a ring of protection from fire
Wands
 d - a wand of roots (12)
 l - a wand of mindburst (24)
 t - a wand of polymorph (13)
Scrolls
 e - 9 scrolls of identify {unknown}
 g - 2 scrolls of fog {unknown}
 n - 6 scrolls of teleportation
 o - a scroll of vulnerability
 q - 5 scrolls of immolation {unknown}
 s - 5 scrolls of enchant weapon {unknown}
 v - 2 scrolls of amnesia {unknown}
 D - a scroll of magic mapping {unknown}
Potions
 h - 2 potions of haste
 i - a potion of degeneration {unknown}
 k - 4 potions of curing {unknown}
 p - 2 potions of brilliance {unknown}
 u - 2 potions of attraction {unknown}
 w - a potion of mutation {unknown}
 z - a potion of lignification {unknown}


   Skills:
 * Level 4.4 Fighting
 - Level 2.1 Short Blades
 + Level 8.0 Maces & Flails
 + Level 6.1 Armour
 - Level 1.2 Dodging
 - Level 6.1 Stealth
 - Level 1.0 Spellcasting
 - Level 1.0 Hexes


You had 7 spell levels left.
You knew the following spells:

 Your Spells              Type           Power      Damage    Failure   Level
a - Slow                  Hex            8%         N/A       43%         1
b - Ensorcelled Hibernat  Hex/Ice        2%         N/A       65%         2

Your spell library contained the following spells:

 Spells                   Type           Power      Damage    Failure   Level
 Freeze                   Ice            0%         1d3       56%         1
 Kiss of Death            Conj/Necr      0%         2d5       56%         1
 Passwall                 Tmut/Erth      0%         N/A       71%         2
 Confusing Touch          Hex            2%         N/A       80%         3
 Frozen Ramparts          Ice            0%         1d1       91%         3
 Hailstorm                Conj/Ice       0%         3d3       91%         3
 Swiftness                Air            0%         N/A       91%         3
 Animate Armour           Summ/Erth      0%         N/A       100%        4
 Dispel Undead            Necr           0%         3d6       100%        4
 Manifold Assault         Tloc           0%         N/A       100%        4
 Blade Hands              Tmut           0%         N/A       100%        5
 Dispersal                Tloc           0%         N/A       100%        6
 Iron Shot                Conj/Erth      0%         9d1       100%        6
 Disjunction              Tloc           0%         N/A       100%        8


Dungeon Overview and Level Annotations

Branches:
Dungeon (8/15)
 Temple: D:4-7         Lair: D:8-11

Altars:
Gozag
Okawaru
Sif Muna
Uskayaw

Shops:
D:4 (


Innate Abilities, Weirdness & Mutations

You are immune to sickness and miasma.
Your stone body is resilient. (AC +6)
You are immune to poison.
You resist negative energy. (rN+)
You are resistant to electric shocks. (rElec)
You are resistant to unholy torment.
You are immune to petrification.


Message History

Unknown command.
You sock the jelly!
You kill the jelly!
You are engulfed in a cloud of scalding steam.
A wight comes into view. It is wielding a +0 flail.
A wight comes into view. It is wielding a +5 mace.
You see here 17 gold pieces.
You now have 282 gold pieces (gained 17).
You see here a glowing emerald potion.
k - 4 glowing emerald potions (gained 1)
An orc wizard comes into view. It is wielding a +0 dagger.
The orc wizard moves out of view.
An orc comes into view. It is wielding a +0 hand axe.
The orc shouts!
The wight hits you with a +5 mace!
* * * LOW HITPOINT WARNING * * *
You sock the wight!
The wight is heavily damaged.
The wight hits you with a +5 mace.
* * * LOW HITPOINT WARNING * * *
You hit the wight.
The wight is heavily damaged.
An orc comes into view. It is wielding a +0 hand axe.
The wight hits you but does no damage.
You barely miss the wight.
The wight is heavily damaged.
The orc shouts!
The wight hits you with a +5 mace.
* * * LOW HITPOINT WARNING * * *
Unknown command.
The orc wizard shouts!
You hit the wight.
The wight is severely damaged.
The orc wizard drinks a potion.
The orc wizard seems to speed up.
The wight closely misses you.
Unknown command.
You hit the wight but do no damage.
The wight is severely damaged.
The wight hits you with a +5 mace!
You die...

#.# # ###b #.#
.# #...
#z####.## #...
######.......#
#.b.
...........####
#......b
........##.#
#.######
........##z#
......$.##z#
........##@#
........##o#
........##.#
....... #..
.... ...o.
#...o..
#......o
#.......#


You could see 2 wights, an orc wizard (fast) and 2 orcs.

Vanquished Creatures
  Pikel (D:5)
  A steam dragon (D:8)
  A black bear (D:7)
  2 ice beasts
  An ogre (D:5)
  A kobold brigand (D:7)
  2 scorpions (D:5)
  A howler monkey (D:5)
  2 hounds
  2 jellies
  An orc priest (D:5)
  2 iguanas
  2 sleepcaps
  Jessica (D:2)
  Ijyb (D:3)
  An orc wizard (D:5)
  Natasha (thrice) (D:2)
  2 gnolls
  3 adders
  A white imp (D:5)
  An adder zombie (D:2)
  A worm (D:3)
  7 dart slugs
  14 orcs
  A bat skeleton (D:2)
  6 endoplasms
  3 giant cockroaches
  8 hobgoblins
  3 quokkas
  7 ball pythons
  A ball python zombie (D:2)
  7 bats
  2 frilled lizards (D:1)
  A giant cockroach zombie (D:2)
  8 goblins
  11 kobolds
  2 rats
114 creatures vanquished.

Notes
Turn   | Place    | Note
-------+----------+-------------------------------------------
     0 | D:1      | dialectric the Gargoyle Wanderer began the quest for the
                  | Orb.
     0 | D:1      | dialectric set off with the following items: a +2 dagger, a
                  | scroll of fear, a +0 scale mail, a potion of heal wounds;
                  | and the following spell memorised: Slow; and the following
                  | spells available to memorise: Confusing Touch.
     0 | D:1      | Reached XP level 1. HP: 12/12 MP: 2/2
    83 | D:1      | Reached XP level 2. HP: 16/16 MP: 3/3
   107 | D:1      | Learned a level 2 spell: Ensorcelled Hibernation
   346 | D:1      | Reached skill level 1 in Short Blades
   384 | D:1      | Reached XP level 3. HP: 18/20 MP: 4/4
   706 | D:2      | Identified the +3 mace of the Final Stories {drain, Drain
                  | rN++ Str+8 Dex+3}
   731 | D:2      | Noticed Jessica
   735 | D:2      | Killed Jessica
   736 | D:2      | Reached XP level 4. HP: 25/25 MP: 5/5
  1006 | D:2      | Noticed Natasha
  1012 | D:2      | Killed Natasha
  1111 | D:2      | Reached skill level 1 in Maces & Flails
  1192 | D:2      | Noticed Natasha
  1200 | D:2      | Killed Natasha
  1201 | D:2      | Reached XP level 5. HP: 30/30 MP: 6/6
  1282 | D:2      | Noticed Natasha
  1292 | D:2      | Killed Natasha
  1341 | D:3      | Reached skill level 2 in Maces & Flails
  1644 | D:3      | Noticed Ijyb
  1700 | D:3      | Killed Ijyb
  2105 | D:4      | Reached XP level 6. HP: 36/36 MP: 7/7
  2157 | D:2      | Reached skill level 3 in Maces & Flails
  2309 | D:4      | Found an opulent altar of Gozag.
  2365 | D:4      | Found Utabiyti's Weapon Emporium.
  2708 | D:5      | Entered Level 5 of the Dungeon
  2839 | D:5      | Reached skill level 1 in Dodging
  2839 | D:5      | Reached XP level 7. HP: 41/41 MP: 8/8
  2994 | D:6      | Reached skill level 4 in Maces & Flails
  2999 | D:6      | Found a hide-covered altar of Uskayaw.
  3066 | D:6      | Noticed Pikel
  3067 | D:6      | Found an iron altar of Okawaru.
  3078 | D:6      | HP: 1/41 [disintegration (17)]
  3163 | D:5      | Reached skill level 5 in Maces & Flails
  3379 | D:5      | Identified the +0 plate armour "Meopsint" {-Tele rPois
                  | Slay+5}
  3456 | D:5      | Found a shimmering blue altar of Sif Muna.
  3484 | D:5      | Reached XP level 8. HP: 42/46 MP: 9/9
  3712 | D:5      | Killed Pikel
  3713 | D:5      | Reached skill level 7 in Maces & Flails
  3713 | D:5      | Reached skill level 5 in Armour
  4086 | D:8      | HP: 2/48 [something/ball of steam (16)]
  4099 | D:8      | Reached skill level 8 in Maces & Flails
  4099 | D:8      | Reached XP level 9. HP: 17/52 MP: 10/10
  4124 | D:8      | Mangled by a wight

Illustrated notes

Levels and vault maps discovered:
D:1:      amcnicky_arrival_single_pillar, layout_rooms,
          nicolae_figureground_sparkle
D:2:      layout_basic, serial_undead, serial_undead_e, serial_undead_a,
          serial_undead_f, serial_undead_c, chequers_jeans, uniq_jessica,
          uniq_natasha
D:3:      layout_loops_cross, minivault_27, st_stairs_6, uniq_ijyb
D:4:      layout_basic, mainiacjoe_overflow_six_doors_small, serial_shops, shop,
          chequers_garden
D:5:      layout_basic, lemuel_doored_altar
D:6:      layout_rooms, zin_academy, nicolae_overflow_hidden_temple,
          mainiacjoe_overflow_24_doors, minmay_temple_entry_grid, uniq_pikel,
          uniq_menkaure
D:7:      nicolae_whirlpool, layout_basic, tgw_trog,
          chequers_serial_rivers_micro_e
D:8:      layout_basic, mainiacjoe_overflow_small_starburst,
          nicolae_ossuary_entry_catacombs

Skill      XL: |  1  2  3  4  5  6  7  8 |
---------------+-------------------------+-----
Stealth        | 6 |  6.1
Short Blades   | 1 2 |  2.1
Fighting       | 2 3 4 |  4.4
Maces & Flails | 1 2 3 5 8 |  8.0
Armour         | 3 4 6 |  6.1
Dodging        | 1 |  1.2
Spellcasting   | |  1.0
Hexes          | |  1.0

Action                     |  1- 3 |  4- 6 |  7- 9 || total
---------------------------+-------+-------+-------++-------
  Melee: Dagger            |    81 |       |       ||    81
         Mace              |     1 |   190 |   130 ||   321
         Unarmed           |       |    14 |       ||    14
         Punch             |       |       |     2 ||     2
   Cast: Slow              |       |       |     1 ||     1
  Evoke: Wand              |       |     2 |       ||     2
    Use: Potion            |       |       |     3 ||     3
         Scroll            |       |       |     4 ||     4
   Stab: Sleeping          |     3 |     4 |       ||     7
 Armour: Scale mail        |    48 |   139 |   121 ||   308
  Dodge: Dodged            |    38 |   137 |    90 ||   265

Table legend: (Time is in decaauts)
 A = Elapsed time spent in this place.
 B = Non-inter-level travel time spent in this place.
 C = Inter-level travel time spent in this place.
 D = Time resting spent in this place.
 E = Time spent auto-exploring this place.
 F = Levels seen in this place.
 G = Mean time per level.
                   A        B        C        D        E       F      G
               +--------+--------+--------+--------+--------+-----+--------+
         Total |   4194 |   4068 |    126 |     86 |   2642 |   8 |  524.2 |
       Dungeon |   4194 |   4068 |    126 |     86 |   2642 |   8 |  524.2 |
               +--------+--------+--------+--------+--------+-----+--------+

Top non-repeatable levels by time:
     D:5: 996 daAuts
     D:3: 815 daAuts
     D:2: 689 daAuts
     D:1: 683 daAuts
     D:4: 566 daAuts
     D:7: 284 daAuts
     D:8: 89 daAuts
     D:6: 67 daAuts
